 Dungeon Crawl Stone Soup version 0.28-a0-500-g121bc3e445 (webtiles) character file.

Game seed: 17578242801707898433

1430 heikuro the Cleaver (level 8, -3/71 HPs)
             Began as a Minotaur Berserker on Sept 19, 2021.
             Was a Priest of Trog.
             Slain by a vampire (11 damage)
             ... on level 6 of the Dungeon.
             The game lasted 00:07:39 (5644 turns).

heikuro the Cleaver (Minotaur Berserker)            Turns: 5644, Time: 00:07:39

Health: -3/71      AC:  7    Str: 25    XL:     8   Next: 45%
Magic:  7/7        EV: 12    Int:  4    God:    Trog [***...]
Gold:   359        SH:  0    Dex: 11    Spells: 7/7 levels left

rFire   . . .      SeeInvis .   a - +0 hand axe
rCold   . . .      Faith    .   (no shield)
rNeg    + . .      Spirit   .   w - +0 scale mail
rPois   .          Reflect  .   (helmet restricted)
rElec   .          Harm     .   (no cloak)
rCorr   .          Rampage  .   (no gloves)
Will    .....                   (no boots)
Stlth   ..........              (no amulet)
HPRegen 1.21/turn               e - ring of positive energy
MPRegen 0.10/turn               (no ring)

@: confused, on berserk cooldown, slowed, very slow
A: horns 2, retaliatory headbutt, regeneration 1, strong 1
a: Renounce Religion, Berserk, Trog's Hand


You were on level 6 of the Dungeon.
You worshipped Trog.
Trog was most pleased with you.
You visited 2 branches of the dungeon, and saw 7 of its levels.

You collected 359 gold pieces.

Inventory:

Hand Weapons
 a - a +0 hand axe (weapon)
 q - a +1 dagger of electrocution
Missiles
 d - 8 curare-tipped darts (quivered)
Armour
 w - a +0 scale mail (worn)
Jewellery
 e - a ring of positive energy (left hand)
 s - an amulet of guardian spirit
 y - a ring of see invisible
Wands
 b - a wand of iceblast (8)
Scrolls
 f - 2 scrolls of immolation {unknown}
 h - a scroll of summoning {unknown}
 j - a scroll of magic mapping {unknown}
 l - 2 scrolls of teleportation {unknown}
 m - 3 scrolls of fear {unknown}
 o - a scroll of brand weapon {unknown}
 r - a scroll of fog {unknown}
 u - a scroll of amnesia {unknown}
 v - a scroll of enchant weapon {unknown}
 A - a scroll of blinking {unknown}
Potions
 c - 2 potions of curing
 g - 2 potions of heal wounds {unknown}
 i - a potion of flight {unknown}
 k - 3 potions of ambrosia
 n - a potion of attraction {unknown}
 p - a potion of invisibility {unknown}
 t - 3 potions of lignification
 x - a potion of haste {unknown}
 z - a potion of might {unknown}


   Skills:
 + Level 6.6 Fighting
 * Level 8.8 Axes
 + Level 6.0 Armour
 + Level 5.5 Dodging


You had 7 spell levels left.
You didn't know any spells.
Your spell library was empty.

Dungeon Overview and Level Annotations

Branches:
Dungeon (6/15)             Temple (1/1) D:4

Altars:
Ashenzari
Elyvilon
Hepliaklqana
Kikubaaqudgha
Makhleb
Nemelex Xobeh
Ru
Sif Muna
Uskayaw
Vehumet
Zin
The Shining One
Lugonu

Annotations:
D:1 gnolls dig
D:6 2 transporters, math4jedi's ghost, amateur DrCA


Innate Abilities, Weirdness & Mutations

You have a pair of horns on your head.
You reflexively headbutt those who attack you in melee.
Your natural rate of healing is unusually fast.
Your muscles are strong. (Str +2)


Message History

The vampire is severely damaged.
You barely miss the wyvern zombie. The wyvern zombie bites you.
The vampire gestures at you while chanting.
You are confused.
The wyvern zombie bites you.
* * * LOW HITPOINT WARNING * * *
You feel a strong urge to attack something.
The vampire mumbles some strange words.
The vampire flickers and vanishes!
Deactivating autopickup; reactivate with Ctrl-A.
You are no longer berserk.
You are exhausted.
You feel yourself slow down. The wyvern zombie closely misses you.
You hear some strange, mumbled words.
You are more confused.
The wyvern zombie misses you. Something hits you!
* * * LOW HITPOINT WARNING * * *
Something barely misses you. The wyvern zombie bites you.
* * * LOW HITPOINT WARNING * * *
The wyvern zombie bites you.
* * * LOW HITPOINT WARNING * * *
You hear some strange, mumbled words.
Something tries to affect you, but you resist.
The wyvern zombie barely misses you. The wyvern zombie misses you.
You hear some strange, mumbled words.
You are more confused.
You slash the wyvern zombie!
You destroy the wyvern zombie!
Trog accepts your kill.
You closely miss something. Something hits you.
* * * LOW HITPOINT WARNING * * *
Something bites you but does no damage. Something hits you.
* * * LOW HITPOINT WARNING * * *
Something bites you.
* * * LOW HITPOINT WARNING * * *
Something draws strength from your injuries!
Your Armour skill increases to level 6!
Something barely misses you. Something bites you!
You die...

..# ..# ..# ..# #########
#.. #.......# ..
#.......# ##
.##.....#.......# ..
.......#.......# ##
#......#...@[..# ..
#......#.......##### #.
#..<...+...........#
#.##......#.......###.#
..#......####......#
####.#......##...####...#
.....#..###...)### #..#
..........+...## #.#
......#.###..#..5F.:# .#


There were no monsters in sight!

Vanquished Creatures
  Grinder (D:5)
  2 necrophages (D:5)
  2 ogres
  A bullfrog (D:6)
  3 scorpions
  A wyvern zombie (D:6)
  2 jellies (D:5)
  An orc priest (D:5)
  2 hounds (D:5)
  2 centaur skeletons
  4 iguanas
  4 orc wizards
  7 adders
  2 white imps (D:6)
  4 ufetubi
  2 adder skeletons (D:4)
  4 worms
  2 dart slugs (D:1)
  8 orcs
  9 endoplasms
  A giant cockroach (D:1)
  8 goblins
  6 hobgoblins
  3 jackals (D:3)
  3 quokkas
  3 ball pythons
  5 bats
  A frilled lizard (D:1)
  6 kobolds
  6 rats
105 creatures vanquished.

Vanquished Creatures (others)
  16 plants
  9 withered plants (D:2)
25 creatures vanquished.

Grand Total: 130 creatures vanquished

Notes
Turn   | Place    | Note
-------+----------+-------------------------------------------
     0 | D:1      | heikuro the Minotaur Berserker began the quest for the Orb.
     0 | D:1      | Reached XP level 1. HP: 19/19 MP: 0/0
   258 | D:1      | Reached XP level 2. HP: 27/27 MP: 1/1
   263 | D:1      | Reached skill level 4 in Axes
   887 | D:1      | Reached ** piety under Trog
  1085 | D:2      | Reached XP level 3. HP: 33/33 MP: 2/2
  1147 | D:2      | Found a faded altar of an unknown god.
  1271 | D:2      | Found a hide-covered altar of Uskayaw.
  1545 | D:2      | Noticed a scorpion
  1550 | D:2      | Killed a scorpion
  1551 | D:2      | Reached skill level 5 in Axes
  1551 | D:2      | Reached XP level 4. HP: 41/41 MP: 3/3
  1734 | D:2      | Reached XP level 5. HP: 41/47 MP: 4/4
  3219 | D:4      | Gained mutation: Your natural rate of healing is unusually
                  | fast. [potion of mutation]
  3219 | D:4      | Gained mutation: Your muscles are strong. (Str +2) [potion
                  | of mutation]
  3354 | D:4      | Found a hazy altar of Hepliaklqana.
  3384 | D:4      | Found a staircase to the Ecumenical Temple.
  3452 | D:4      | Noticed an ogre
  3457 | D:4      | Killed an ogre
  3664 | Temple   | Entered the Ecumenical Temple
  3798 | D:4      | Reached skill level 6 in Axes
  3798 | D:4      | Reached XP level 6. HP: 40/55 MP: 5/5
  3870 | D:4      | Reached skill level 5 in Fighting
  4165 | D:4      | Reached *** piety under Trog
  4279 | D:4      | Found a shimmering blue altar of Sif Muna.
  4331 | D:5      | Entered Level 5 of the Dungeon
  4448 | D:5      | Reached XP level 7. HP: 61/61 MP: 6/6
  4506 | D:5      | Reached skill level 7 in Axes
  4545 | D:5      | Found a white marble altar of Elyvilon.
  4624 | D:5      | Found a sacrificial altar of Ru.
  4691 | D:5      | Reached skill level 5 in Armour
  4793 | D:5      | Noticed Grinder
  4798 | D:5      | Paralysed by Grinder for 4 turns
  4804 | D:5      | Killed Grinder
  4805 | D:5      | Reached skill level 8 in Axes
  4805 | D:5      | Reached skill level 5 in Dodging
  4805 | D:5      | Reached XP level 8. HP: 70/70 MP: 7/7
  5475 | D:6      | Found a radiant altar of Vehumet.
  5498 | D:6      | Found a transporter.
  5508 | D:6      | Noticed math4jedi's ghost (amateur DrCA)
  5515 | D:6      | Identified the +1 buckler of Lonyf {Harm *Slow rPois}
  5553 | D:6      | Found a transporter.
  5644 | D:6      | Slain by a vampire

Illustrated notes

Levels and vault maps discovered:
D:1:      erik_arrival_cave_to_civilisation [erik_arrival_cave_to_temple],
          layout_basic
D:2:      layout_loops_ring, basic_altar, shapermc_ecumenical_altar_flowoftime,
          kennysheep_path_1
D:3:      layout_loops_corners, minmay_misc_feat_ornament
D:4:      minmay_diamond_boxcup, layout_basic, lemuel_coloured_pillars_altar,
          amcnicky_altar_gilded, minmay_temple_entry_ruins
D:5:      layout_basic, mainiacjoe_overflow_concentric_impassable,
          kennysheep_little_box, grunt_ministairs_9, bh_walls_and_bars,
          uniq_grinder
D:6:      layout_basic, nicolae_yredelemnul_ghost_church,
          nicolae_vehumet_altar_sigil, mainiacjoe_overflow_brackets,
          nicolae_overflow_hidden_temple, gammafunk_ghost_gnarly_gnolls,
          minmay_manual_moon
Temple:   corrupted_temple

Skill      XL: |  1  2  3  4  5  6  7  8 |
---------------+-------------------------+-----
Axes           | 4 5 6 8 |  8.8
Fighting       | 4 5 6 |  6.6
Armour         | 3 4 5 6 |  6.0
Dodging        | 3 4 5 |  5.5

Action                   |  1- 3 |  4- 6 |  7- 9 || total
-------------------------+-------+-------+-------++-------
Melee: Hand axe          |    82 |    96 |   101 ||   279
       Headbutt          |    21 |    24 |    21 ||    66
Invok: Berserk           |     3 |     2 |     3 ||     8
       Trog's Hand       |       |     1 |       ||     1
  Use: Scroll            |       |     3 |     1 ||     4
       Potion            |       |     1 |       ||     1
Armor: Animal skin       |     9 |    13 |       ||    22
       Leather armour    |       |    10 |       ||    10
       Scale mail        |       |       |    37 ||    37
Dodge: Dodged            |    30 |    60 |    75 ||   165

Table legend: (Time is in decaauts)
 A = Elapsed time spent in this place.
 B = Non-inter-level travel time spent in this place.
 C = Inter-level travel time spent in this place.
 D = Time resting spent in this place.
 E = Time spent auto-exploring this place.
 F = Levels seen in this place.
 G = Mean time per level.
                   A        B        C        D        E       F      G
               +--------+--------+--------+--------+--------+-----+--------+
         Total |   5723 |   5409 |    314 |    712 |   3683 |   7 |  817.6 |
       Dungeon |   5679 |   5378 |    301 |    712 |   3660 |   6 |  946.5 |
        Temple |     43 |     30 |     13 |      0 |     23 |   1 |   43.0 |
               +--------+--------+--------+--------+--------+-----+--------+

Top non-repeatable levels by time:
     D:3: 1201 daAuts
     D:1: 1130 daAuts
     D:5: 1066 daAuts
     D:2: 1043 daAuts
     D:4: 977 daAuts
     D:6: 260 daAuts
  Temple: 43 daAuts
